 Dungeon Crawl Stone Soup version 0.26-a0-259-g1effd001a9 (webtiles) character file.

Game seed: 17919332208779472358

200 sanka the Ducker (level 6, -1/42 HPs)
             Began as a Halfling Monk on July 17, 2020.
             Slain by Sigmund
             ... wielding a +0 scythe
              (3 damage)
             ... on level 3 of the Dungeon.
             The game lasted 00:05:15 (2952 turns).

sanka the Ducker (Halfling Monk)                    Turns: 2952, Time: 00:05:16

Health: -1/42      AC:  3    Str: 12    XL:     6   Next: 6%
Magic:  6/9        EV: 17    Int:  8    God:
Gold:   124        SH:  0    Dex: 19    Spells: 5/9 levels left

rFire    . . .     SeeInvis .   a - +2 short sword (venom)
rCold    . . .     Faith    .   (shield restricted)
rNeg     . . .     Spirit   .   b - +0 robe
rPois    .         Reflect  .   (no helmet)
rElec    .         Harm     .   f - +0 cloak
rCorr    .                      (no gloves)
MR       .....                  (no boots)
Stlth    +++.......             (no amulet)
HPRegen  0.14/turn              (no ring)
MPRegen  0.11/turn              (no ring)

@: no status effects
A: small, mutation resistance 1
a: no special abilities


You were on level 3 of the Dungeon.
You were not hungry.

You visited 1 branch of the dungeon, and saw 3 of its levels.

You collected 124 gold pieces.


Innate Abilities, Weirdness & Mutations

You are small and have problems with some larger weapons.
You are somewhat resistant to further mutation.


   Skills:
 - Level 3.0 Fighting
 - Level 3.0 Long Blades
 - Level 3.6 Dodging
 - Level 3.0 Stealth
 + Level 2.2 Spellcasting
 + Level 3.0 Ice Magic


You had 5 spell levels left.
You knew the following spells:

 Your Spells              Type           Power        Failure   Level
y - Frozen Ramparts       Ice            #.....       30%         3
z - Freeze                Ice            #...         10%         1

Your spell library contained the following spells:

 Spells                   Type           Power        Failure   Level
 Ozocubu's Armour         Chrm/Ice       #.......     50%         3
 Hailstorm                Conj/Ice       #.......     88%         4
 Summon Ice Beast         Ice/Summ       #.......     88%         4

Inventory:

Hand Weapons
 a - a +2 short sword of venom (weapon)
 i - a +0 falchion
 m - a +0 short sword of draining
 n - a +1 flail of venom
 q - a +3 dagger of distortion
Armour
 b - a +0 robe (worn)
 f - a +0 cloak (worn)
Jewellery
 p - an uncursed ring of protection from magic {unknown}
Scrolls
 d - a scroll of random uselessness {unknown}
 e - 4 scrolls of identify {unknown}
 g - 3 scrolls of teleportation {unknown}
 j - 2 scrolls of fog {unknown}
 o - a scroll of fear {unknown}
 r - a scroll of amnesia {unknown}
 s - a scroll of enchant armour {unknown}
 t - a scroll of immolation {unknown}
Potions
 h - 2 potions of lignification {unknown}
 k - 3 potions of flight {unknown}
 l - 4 potions of curing {unknown}
Comestibles
 c - 10 rations

Dungeon Overview and Level Annotations

Branches:
Dungeon (3/15)

Altars:
Hepliaklqana
Sif Muna
Wu Jian

Annotations:
D:3 Sigmund

▒...▒▒.▒▒▒▒▒.▒▒..▒
▒...▒▒.▒▒▒ ▒.▒▒▒..
▒...▒▒...▒▒▒)▒ ▒▒.
▒...▒▒▒▒..▒▒.▒ ▒.
▒...▒▒▒▒▒....▒ ▒.
▒............▒▒▒▒▒
▒...▒▒▒▒..........
▒...▒ ▒▒....▒▒▒▒▒
▒p..▒ ▒....▒ ▒▒
▒{..▒ ▒....▒ ▒.
▒▒.▒▒▒ ▒....▒ ▒.
▒..▒ ▒....▒ ▒▒.
▒.▒▒ ▒▒▒▒▒▒ ▒..
▒.▒ ▒.▒ ▒.▒ ▒.▒
▒.▒ ▒.▒ ▒.▒
▒▒▒▒▒▒▒▒▒.▒


There were no monsters in sight!


Message History

Sigmund completely resists.
The wall freezes Sigmund but do no damage.
Sigmund completely resists.
The wall freezes Sigmund but do no damage.
Sigmund mumbles some strange words.
Sigmund flickers and vanishes!
Deactivating autopickup; reactivate with Ctrl-A.
Unknown command.
The wall freezes something.
A puff of flame appears from out of thin air!
The puff of flame hits you.
* * * LOW HITPOINT WARNING * * *
The frozen ramparts melt away.
Something hits you!
* * * LOW HITPOINT WARNING * * *
You barely miss something. Something barely misses you.
Unknown command.
Aiming: Freeze (safe; 10% risk of failure)
You freeze something. Something hits you.
* * * LOW HITPOINT WARNING * * *
You can't see any susceptible monsters within range! (Use Z to cast anyway.)
You miss something. You miss something. Something hits you!
* * * LOW HITPOINT WARNING * * *
You hit something but do no damage. Something hits you.
You die...

Action                   |  1- 3 |  4- 6 || total
-------------------------+-------+-------++-------
Melee: Falchion          |    49 |       ||    49
       Short sword       |    41 |    89 ||   130
       Flail             |       |    10 ||    10
 Cast: Freeze            |     3 |     3 ||     6
       Frozen Ramparts   |       |     1 ||     1
 Stab: Sleeping          |     3 |     3 ||     6
  Eat: Ration            |     1 |     1 ||     2
Armor: Robe              |    16 |    11 ||    27
Dodge: Dodged            |    63 |    78 ||   141
       Rpst.: Falchion   |    15 |       ||    15

Levels and vault maps discovered:
D:1:      psy_arrival_terrarium, layout_loops_cross, minmay_misc_feat_diagonals,
          minmay_cut_off
D:2:      layout_basic, minitemple
D:3:      layout_rooms, first_ration, uniq_jessica, uniq_sigmund

Notes
Turn   | Place    | Note
-------+----------+-------------------------------------------
     0 | D:1      | sanka the Halfling Monk began the quest for the Orb.
     0 | D:1      | Reached XP level 1. HP: 15/15 MP: 1/1
   231 | D:1      | Reached XP level 2. HP: 20/20 MP: 2/2
   250 | D:1      | Reached skill level 3 in Fighting
   355 | D:1      | Reached skill level 3 in Stealth
   759 | D:1      | Reached XP level 3. HP: 22/26 MP: 3/3
   930 | D:2      | Learned a level 1 spell: Freeze
  1311 | D:2      | Reached skill level 1 in Spellcasting
  1311 | D:2      | Reached skill level 1 in Ice Magic
  1311 | D:2      | Reached XP level 4. HP: 16/31 MP: 0/5
  1575 | D:3      | Noticed Jessica
  1665 | D:2      | Found a hazy altar of Hepliaklqana.
  1672 | D:2      | Found a shimmering blue altar of Sif Muna.
  1673 | D:2      | Found an ornate altar of the Wu Jian Council.
  1763 | D:2      | Reached skill level 2 in Ice Magic
  1789 | D:2      | Reached XP level 5. HP: 36/36 MP: 7/7
  1838 | D:2      | Learned a level 3 spell: Frozen Ramparts
  1873 | D:3      | Killed Jessica
  2253 | D:3      | Reached skill level 2 in Spellcasting
  2628 | D:3      | Reached skill level 3 in Ice Magic
  2628 | D:3      | Reached XP level 6. HP: 26/42 MP: 9/9
  2918 | D:3      | Noticed Sigmund
  2951 | D:3      | HP: 1/42 [something (7)]
  2952 | D:3      | Slain by Sigmund

Vanquished Creatures
  An orc wizard (D:2)
  Jessica (D:3)
  3 gnolls (D:3)
  4 adders
  An ufetubus (D:3)
  An ooze (D:2)
  A worm (D:2)
  A leopard gecko (D:1)
  4 orcs (D:2)
  8 bats
  4 giant cockroaches
  7 hobgoblins
  5 kobolds
  A quokka (D:2)
  3 ball pythons
  6 frilled lizards (D:2)
  7 goblins
  11 rats
69 creatures vanquished.
